 Dungeon Crawl Stone Soup version 0.30-a0-591-g3c58d2bc28 (webtiles) character file.

Game seed: 8325600398310775951

221 wormed the Changer (level 5, -4/33 HPs)
             Began as an Octopode Transmuter on Jan 4, 2023.
             Slain by an iguana (10 damage)
             ... on level 4 of the Dungeon.
             The game lasted 00:06:37 (3514 turns).

wormed the Changer (Octopode Transmuter)            Turns: 3514, Time: 00:06:38

Health: -4/33      AC:  1    Str: 10    XL:     5   Next: 98%
Magic:  8/10       EV: 18    Int: 17    God:
Gold:   395        SH:  0    Dex: 12    Spells: 4/11 levels left

rFire   . . .      SeeInvis .      - Unarmed
rCold   . . .      Faith    .    (no shield)
rNeg    . . .      Spirit   .    (helmet currently unavailable)
rPois   .          Reflect  .    d - amulet of regeneration
rElec   .          Harm     .    b - +5 ring of evasion
rCorr   .          Rampage  .    (no ring)
Will    .....                    (no ring)
Stlth   ++                       (no ring)
HPRegen 1.05/turn                (no ring)
MPRegen 0.12/turn                (no ring)
                                 (no ring)
                                 (no ring)

@: appendages, wereblooded
A: tentacle spike 3, almost no armour, amphibious, 8 rings, camouflage 1,
gelatinous body 1, (nimble swimmer 1), tentacles
a: End Transformation


You were on level 4 of the Dungeon.
One of your tentacles had grown a beastly spike.
You visited 1 branch of the dungeon, and saw 4 of its levels.

You collected 815 gold pieces.
You spent 420 gold pieces at shops.

Inventory:

Jewellery
 b - a +5 ring of evasion (left tentacle)
 d - an amulet of regeneration (around mantle)
Wands
 m - a wand of polymorph (7)
Scrolls
 e - a scroll of teleportation
 j - a scroll of poison {unknown}
 k - a scroll of identify
Potions
 a - a potion of invisibility {unknown}
 c - 2 potions of attraction
 g - 2 potions of might {unknown}
 h - 3 potions of flight {unknown}
 i - 2 potions of resistance {unknown}
 l - a potion of degeneration {unknown}


   Skills:
 - Level 1.0 Fighting
 - Level 2.0 Dodging
 - Level 3.0 Unarmed Combat
 + Level 3.5 Spellcasting
 + Level 3.8 Transmutations
 + Level 2.9 Ice Magic


You had 4 spell levels left.
You knew the following spells:

 Your Spells              Type           Power      Damage    Failure   Level
a - Beastly Appendage     Tmut           30%        N/A       3%          1
b - Wereblood             Tmut           15%        N/A       5%          2
c - Ice Form              Ice/Tmut       14%        N/A       38%         4

Your spell library contained the following spells:

 Spells                   Type           Power      Damage    Failure   Level
 Apportation              Tloc           6%         N/A       17%         1
 Spider Form              Tmut/Pois      9%         N/A       22%         3
 Static Discharge         Conj/Air       6%         2-3/arc   26%         2
 Call Canine Familiar     Summ           3%         N/A       45%         3
 Portal Projectile        Hex/Tloc       6%         N/A       45%         3
 Vhi's Electric Charge    Tloc/Air       6%         N/A       45%         3
 Leda's Liquefaction      Hex/Erth       1%         N/A       86%         4
 Alistair's Intoxication  Tmut/Pois      6%         N/A       91%         5
 Arcjolt                  Conj/Air       1%         1d11      99%         5
 Lightning Bolt           Conj/Air       1%         1d12      99%         5


Dungeon Overview and Level Annotations

Branches:
Dungeon (4/15)
 Temple: D:4-7

Altars:
Ashenzari
Xom

Shops:
D:2 *   D:3 =


Innate Abilities, Weirdness & Mutations

One of your tentacles has grown a beastly spike.
You cannot wear most types of armour.
You are amphibious.
You can wear up to eight rings at the same time.
Your skin changes colour to match your surroundings (Stealth+).
Your rubbery body absorbs attacks. (AC +1, EV +1)
((You are camouflaged when in or above water. (Stealth+)))
You have tentacles for arms and can constrict up to eight enemies at once.


Message History

a +0 whip; an iguana corpse
Found a robe.
c - 2 potions of attraction (gained 1)
You see here a +0 robe.
You see here a +0 robe.
Your transformation is almost over.
Your tentacle spike disappears.
k - a scroll of identify
Found a stone staircase leading down.
An iguana comes into view.
The iguana hisses angrily.
An iguana is nearby!
An iguana is nearby!
An iguana is nearby!
Casting: Beastly Appendage (safe; 3% risk of failure)
Confirm with . or Enter, or press ? or * to list all spells.
One of your tentacles grows a vicious spike.
Casting: Beastly Appendage (safe; 3% risk of failure)
Confirm with . or Enter, or press ? or * to list all spells.
Your blood is infused with primal strength.
The iguana bites you!
You tentacle-slap the iguana but do no damage.
Your grab misses the iguana. The iguana closely misses you.
You tentacle-slap the iguana but do no damage.
You grab the iguana.
You pierce the iguana, but do no damage.
You constrict the iguana. The iguana bites you!
* * * LOW HITPOINT WARNING * * *
You feel better.
You constrict the iguana. The iguana closely misses you.
You tentacle-slap the iguana but do no damage.
You squeeze the iguana.
The iguana is moderately wounded.
You constrict the iguana. The iguana bites you!
* * * LOW HITPOINT WARNING * * *
Aiming: Polymorph
Press: ? - help, Shift-Dir - straight line, f - iguana
Aim: an iguana (heavily wounded, constricted by you, will become a scorpion, a howler monkey, or a killer bee, chance to affect: 57%)
The iguana resists with significant effort.
You constrict the iguana. The iguana bites you!
You die...

##...## #.....##
.>.....#### ...[.......
.......## ......#####
...)......#
.########.#.#.###########
.# #.#....l@.......#
.##### #.##########.##.#
.....# #.# #.##.#####
.....# #(##### #.##.....#
.....####.....#
#.##>....#
.......>...##.#
#.##.....#
.....#####.##.#
##.##.....# .....# #.##.#
#..##.....# .....# #.##.#
#.#####.###


You could see an iguana.

Vanquished Creatures
  A scorpion (D:4)
  An iguana (D:4)
  5 adders
  2 worms
  A dart slug (D:1)
  5 orcs
  3 ball pythons
  5 bats
  10 endoplasms
  2 giant cockroaches
  5 goblins
  9 hobgoblins
  4 jackals (D:2)
  5 kobolds
  5 quokkas
  3 frilled lizards
  10 rats
76 creatures vanquished.

Notes
Turn   | Place    | Note
-------+----------+-------------------------------------------
     0 | D:1      | wormed the Octopode Transmuter began the quest for the Orb.
     0 | D:1      | Reached XP level 1. HP: 13/13 MP: 3/3
    89 | D:1      | Reached XP level 2. HP: 17/18 MP: 5/5
   232 | D:1      | Reached skill level 1 in Ice Magic
   409 | D:1      | Learned a level 2 spell: Wereblood
   490 | D:1      | Reached XP level 3. HP: 23/23 MP: 2/6
   968 | D:2      | Found Cuicesae's Assorted Antiques.
  1152 | D:2      | Reached XP level 4. HP: 28/28 MP: 6/8
  1238 | D:2      | Identified the +7 quarterstaff of Jadybigi {freeze, rN+
                  | SInv}
  1536 | D:2      | Learned a level 4 spell: Ice Form
  1628 | D:3      | Found a broken altar of Ashenzari.
  2107 | D:3      | Reached XP level 5. HP: 31/33 MP: 6/9
  2184 | D:3      | Found Ajafim's Jewellery Boutique.
  2581 | D:3      | Identified a scroll of acquirement
  2581 | D:3      | Acquired 571 gold pieces
  2907 | D:3      | Bought an amulet of regeneration for 420 gold pieces
  3218 | D:4      | Found a shimmering altar of Xom.
  3514 | D:4      | Slain by an iguana

Illustrated notes

Levels and vault maps discovered:
D:1:      psy_arrival_statuary, layout_loops_ring, serial_glass,
          glass_columns_b, glass_columns_a, glass_columns_c, glass_columns_b
D:2:      layout_basic, serial_shops,
          nicolae_shop_temple_entry_statues_fountains, palyth_stone_intersect,
          minmay_pentomino_x4
D:3:      layout_basic, mainiacjoe_overflow_24_doors, serial_shops,
          nicolae_shop_trees
D:4:      layout_loops_ring, xom_butterflies, kennysheep_nondescript,
          dk_rats_in_the_wall

Skill      XL: |  1  2  3  4 |
---------------+-------------+-----
Ice Magic      | 1 2 |  2.9
Transmutations | 3 |  3.8
Spellcasting   | 3 |  3.5
Fighting       | |  1.0
Dodging        | |  2.0
Unarmed Combat | |  3.0

Action                   |  1- 3 |  4- 6 || total
-------------------------+-------+-------++-------
Melee: Unarmed           |    79 |    76 ||   155
       Kick              |    27 |    21 ||    48
       Constrict         |    20 |    17 ||    37
       Tentacles         |     9 |    11 ||    20
       Punch             |     2 |     2 ||     4
 Cast: Beastly Appendage |    22 |    18 ||    40
       Wereblood         |    10 |    16 ||    26
       Ice Form          |       |     3 ||     3
Evoke: Wand              |       |     1 ||     1
  Use: Scroll            |     3 |     7 ||    10
       Potion            |     1 |     1 ||     2
 Stab: Sleeping          |     5 |     4 ||     9
       Distracted        |     1 |       ||     1
Armor: Skin              |    24 |     4 ||    28
Dodge: Dodged            |    49 |    39 ||    88

Table legend: (Time is in decaauts)
 A = Elapsed time spent in this place.
 B = Non-inter-level travel time spent in this place.
 C = Inter-level travel time spent in this place.
 D = Time resting spent in this place.
 E = Time spent auto-exploring this place.
 F = Levels seen in this place.
 G = Mean time per level.
                   A        B        C        D        E       F      G
               +--------+--------+--------+--------+--------+-----+--------+
         Total |   3503 |   3376 |    127 |    340 |   2461 |   4 |  875.8 |
       Dungeon |   3503 |   3376 |    127 |    340 |   2461 |   4 |  875.8 |
               +--------+--------+--------+--------+--------+-----+--------+

Top non-repeatable levels by time:
     D:3: 1421 daAuts
     D:2: 813 daAuts
     D:1: 734 daAuts
     D:4: 534 daAuts
